 Seeded DCSS version 0.30.1-9-gdf580d7c3d (webtiles) character file.

Game seed: 2394977854812512649 (custom seed)

16 Psyclone the Conjurer (level 2, -5/15 HPs)
             Began as a Deep Elf Conjurer on Oct 11, 2023.
             Slain by a worm (9 damage)
             ... on level 2 of the Dungeon.
             The game lasted 00:00:58 (269 turns).

Psyclone the Conjurer (Deep Elf Conjurer)            Turns: 269, Time: 00:00:59

Health: -5/15      AC:  2    Str:  4    XL:     2   Next: 37%
Magic:  5/8        EV: 12    Int: 22    God:
Gold:   46         SH:  0    Dex: 13    Spells: 4/7 levels left

rFire   . . .        (no weapon)
rCold   . . .        (no shield)
rNeg    . . .        a - +0 robe
rPois   .            (no helmet)
rElec   .            (no cloak)
rCorr   .            (no gloves)
SInv    .            (no boots)
Will    .....        (no amulet)
Stlth   ++           (no ring)
HPRegen 0.22/turn    (no ring)
MPRegen 0.11/turn

%: no passive effects
@: no status effects
A: no striking features
a: no special abilities


You were on level 2 of the Dungeon.
You visited 1 branch of the dungeon, and saw 2 of its levels.

You collected 46 gold pieces.

Inventory:

Armour
 a - a +0 robe (worn)
Scrolls
 c - 2 scrolls of acquirement {unknown}
 e - a scroll of identify {unknown}
 f - a scroll of teleportation {unknown}
Potions
 b - a potion of magic
 d - 2 potions of berserk rage {unknown}
 g - a potion of lignification {unknown}
 h - a potion of brilliance {unknown}
 i - a potion of mutation {unknown}


   Skills:
 - Level 2.4 Dodging
 - Level 2.4 Stealth
 - Level 3.0 Spellcasting
 + Level 5.1 Conjurations


You had 4 spell levels left.
You knew the following spells:

 Your Spells              Type           Power      Damage    Failure   Level
a - Magic Dart            Conj           100%       1d8       1%          1
b - Searing Ray           Conj           52%        2d6       2%          2

Your spell library contained the following spells:

 Spells                   Type           Power      Damage    Failure   Level
 Dazzling Flash           Conj/Hex       28%        N/A       13%         3
 Fulminant Prism          Conj/Hex       7%         3d7       38%         4
 Iskenderun's Mystic Bla  Conj/Tloc      14%        2d5       38%         4


Dungeon Overview and Level Annotations

Branches:
Dungeon (2/15) Zot: 11730

Altars:

Shops:
D:2 !


Message History

The bat misses you. x2; The ball python barely misses you.
The ball python closely misses you. The bat misses you.
The ball python bites you. The ball python grabs you.
The ball python constricts you.
You hit the bat.
The bat is moderately wounded.
The bat barely misses you. x2; The ball python bites you.
The ball python constricts you. The bat hits you but does no damage.
Casting: Searing Ray (safe; 2% risk of failure)
Confirm with . or Enter, or press ? or * to list all spells.
Aiming: Magic Dart (safe; 1% risk of failure)
Press: ? - help, Shift-Dir - straight line, f - bat
Aim: a bat (100% to hit)
The magic dart hits the bat!
You kill the bat!
The ball python bites you. The ball python constricts you.
The bat barely misses you. The ball python closely misses you.
The ball python constricts you.
You take 7 damage, and have 8/15 hp.
MASSIVE DAMAGE!!
You regained 2 mp, and now have 4/8 mp.
There are monsters nearby!
The bat hits you but does no damage.
The ball python bites you but does no damage.
The ball python constricts you. The bat hits you. The ball python bites you.
The ball python constricts you. The bat closely misses you.
The bat completely misses you. The ball python barely misses you.
The ball python constricts you. The bat barely misses you.
The bat closely misses you. The ball python bites you.
The ball python constricts you. The ball python closely misses you.
The ball python constricts you. The bat closely misses you.
The ball python bites you but does no damage.
The ball python constricts you.
* * * LOW HITPOINT WARNING * * *
The bat closely misses you. The ball python completely misses you.
The ball python constricts you.
You escape the ball python's grasp.
The bat hits you but does no damage. The worm bites you!
Ouch! That really hurt!
You die...

#.#
#.#.........#
#.#
#.#.#.......#
#..
?.#.#......##
###
###.'......+
###......#
#$.....#
#......#
#######b...).#
.......@S....#
...$..w.######
........#
........#
........#
........#
........#
........#


You could see a worm, a bat and a ball python.

Vanquished Creatures
  A ball python (D:1)
  3 endoplasms
  A giant cockroach (D:1)
  2 goblins (D:1)
  A hobgoblin (D:1)
  2 bats
  2 frilled lizards
  2 rats
14 creatures vanquished.

Notes
Turn   | Place    | Note
-------+----------+-------------------------------------------
     0 | D:1      | Psyclone the Deep Elf Conjurer began the quest for the Orb.
     0 | D:1      | Reached XP level 1. HP: 10/10 MP: 6/6
    93 | D:1      | Reached XP level 2. HP: 15/15 MP: 2/8
    96 | D:1      | Learned a level 2 spell: Searing Ray
   174 | D:1      | Reached skill level 5 in Conjurations
   222 | D:2      | Found Utwiat's Distillery.
   269 | D:2      | Slain by a worm

Illustrated notes

Levels and vault maps discovered:
D:1:      saegor_arrival_simple_c, layout_rooms
D:2:      layout_basic, serial_shops, shop, uniq_sigmund

Skill      XL: |  1  2 |
---------------+-------+-----
Conjurations   | 5 |  5.1
Dodging        | |  2.4
Stealth        | |  2.4
Spellcasting   | |  3.0

Action                     || total
---------------------------++-------
  Melee: Unarmed           ||     2
   Cast: Magic Dart        ||    12
         Searing Ray       ||     2
 Armour: Robe              ||    10
  Dodge: Dodged            ||    31
